AoeStats
← Rabiscko

Nomad

508579485Analyzed
3v3 RM · 11d ago on Sep 23, 2026· 46m 40s· 6 players
Game mode
Random Map
Map size
210×210
Population
200
Speed
Normal
Resources
Standard
Victory
Conquest
Starting age
Dark Age
Ending age
Imperial Age
RankedLock teamsTeams togetherTeam positionsShared explorationLock speedFull tech treeHidden civsTurbo modeCheats
Victory
Defeat
🇺🇸 Italians · United States
639
+13
🇨🇱 Turks · Chile
622
+13
🇦🇺 Goths · Australia
607
+14
🇧🇷 Byzantines · Brazil
782
-66
🇧🇷 Portuguese · Brazil
471
-10
🇧🇷 Persians · Brazil
439
-9
Odin
2:53 Loom
16:14 Feudal Age
17:55 Wheelbarrow
17:06 Town Watch
19:36 Man-at-Arms
36:48 Scale Mail Armor
40:42 Bloodlines
47:28 Castle Age
Lamb Of God
17:34 Feudal Age
25:01 Castle Age
24:10 Horse Collar
25:00 Double-Bit Axe
30:37 Imperial Age
28:54 Heavy Plow
30:53 Bow Saw
34:15 Two-Man Saw
32:51 Heavy Scorpion
36:37 Ballistics
37:48 Gold Mining
45:42 Gold Shaft Mining
45:33 Loom
Cyrusthegreat
18:24 Feudal Age
18:51 Horse Collar
20:32 Fishing Lines
24:21 Wheelbarrow
28:37 Castle Age
28:47 Double-Bit Axe
29:18 Heavy Plow
32:25 Hand Cart
33:24 Forging
33:16 Padded Archer Armor
36:02 Fletching
40:13 Imperial Age
37:57 Husbandry
42:34 Gold Mining
42:33 Treadmill Crane
44:05 Conscription
43:26 Elite Skirmisher
44:57 Cavalier
IIErich
15:50 Loom
18:34 Feudal Age
19:20 Double-Bit Axe
20:25 Horse Collar
24:15 Fletching
24:26 Padded Archer Armor
24:37 Forging
30:04 Wheelbarrow
36:03 Castle Age
36:35 Crossbowman
39:48 Bodkin Arrow
41:08 Leather Archer Armor
Rabiscko
6:44 Loom
20:39 Feudal Age
22:23 Feudal Age
23:46 Horse Collar
26:41 Double-Bit Axe
28:01 Wheelbarrow
27:24 Man-at-Arms
32:03 Forging
31:55 Scale Mail Armor
32:05 Scale Barding Armor
32:03 Padded Archer Armor
31:54 Fletching
35:22 Fishing Lines
40:08 Castle Age
40:58 Gambesons
41:13 Squires
41:01 Arson
40:39 Long Swordsman
41:01 Crossbowman
YBiel21
6:02 Loom
17:07 Feudal Age
19:02 Double-Bit Axe
19:44 Man-at-Arms
22:34 Wheelbarrow
38:44 Castle Age
Connection lost

Rejoining the realm…

Still unreachable

The connection could not be restored.

Session expired

The server has moved on; the page needs a fresh start.